 Dungeon Sprint DCSS version 0.32-a0-391-gce5c0aab1b (webtiles) character file.

Game seed: 601594339532281823

3012981 BigDaddyOpFi the Minotaur Cataclysm (level 26, 135/239 HPs)
             Began as a Minotaur Monk on Feb 15, 2024.
             Was a High Priest of Qazlal.
             Escaped with the Orb
             ... and 3 runes on Feb 19, 2024!
             The game lasted 01:06:35 (26127 turns).

BigDaddyOpFi the Minotaur Cataclysm (MiMo)         Turns: 26127, Time: 01:06:36

Health: 135/239    AC: 45    Str: 36    XL:     26   Next: 46%
Magic:  52/53      EV: 33    Int:  8    God:    Qazlal [*****.]
Gold:   264        SH: 12    Dex: 19    Spells: 66/79 levels left

rFire   + . .        x - +4 broad axe (heavy)
rCold   + + +        s - orb of Buseth {light, Rampage rElec rN+ Dex+2}
rNeg    + . .        K - +8 gold dragon scales
rPois   +            (helmet restricted)
rElec   +            X - +0 cloak {rCorr}
rCorr   +            w - +0 pair of fencer's gloves {Riposte Dex+3}
SInv    .            d - +4 pair of boots
Will    ++++.        R - amulet "Panichot" {Reflect ^Drain rC++ Will+ Int+2 SH+5}
Stlth   +            v - ring "Luosocin" {^Contam Fly Will+ Str+6 Slay+5}
HPRegen 0.59/turn    n - ring of the Hare {EV+10}
MPRegen 0.33/turn

%: no teleportation, repel missiles, reflection, rampage
@: flying, glowing
A: horns 2, retaliatory headbutt, deterioration 1, frail 1, strong-willed 1,
strong 1, inability to read after injury 1
0: Orb of Zot
}: 3/3 runes: silver, golden, iron
a: Renounce Religion, Upheaval, Elemental Force, Disaster Area


You escaped.
You worshipped Qazlal.
Qazlal was extremely pleased with you.
You visited 1 branch You collected 264 gold pieces.

Inventory:

Hand Weapons
 x - a +4 heavy broad axe (weapon)
 P - a +1 scimitar of protection
 Y - the +11 Singing Sword {sonic wave}
   (You found it in the Dungeon)
Armour
 d - a +4 pair of boots (worn)
 s - the orb of Buseth (worn) {light, Rampage rElec rN+ Dex+2}
   (You took it off Frederick in the Dungeon)

   Dex+2:     It affects your dexterity (+2).
   rElec:     It insulates you from electricity.
   rN+:       It protects you from negative energy.
   Rampage:   It bestows one free step when moving towards enemies.
 w - the +0 pair of fencer's gloves (worn) {Riposte Dex+3}
   (You found it in the Dungeon)

   Riposte:   It allows the wearer to riposte with melee weapons, swiftly
   retaliating against missed or blocked melee attacks.
   Dex+3:     It affects your dexterity (+3).
 K - +8 gold dragon scales (worn)
 M - a +1 pair of gloves
 X - a +0 cloak of preservation (worn)
Jewellery
 k - a ring of willpower
 n - the ring of the Hare (right hand) {EV+10}
   (You found it in the Dungeon)

   [ring of evasion]

   EV+10:     It affects your evasion (+10).
 o - the amulet of Dim Light {Reflect Rampage *Slow Fly Will++ SH+5}
   (You found it in the Dungeon)

   [amulet of reflection]

   Reflect:   It reflects blocked missile attacks.
   Will++:    It greatly increases your willpower.
   Fly:       It grants you flight.
   *Slow:     It may slow you when you take damage.
   SH+5:      It affects your SH (+5).
   Rampage:   It bestows one free step when moving towards enemies.
 p - the ring "Jioseofi" {Str+3 Dex+3 Slay+5}
   (You found it in the Dungeon)

   [ring of slaying]

   Str+3:     It affects your strength (+3).
   Dex+3:     It affects your dexterity (+3).
   Slay+5:    It affects your accuracy & damage with ranged weapons and melee
   (+5).
 r - the ring of Democracy {rF+ rC+ Will++ Int+3 Slay+4}
   (You found it in the Dungeon)

   [ring of slaying]

   Int+3:     It affects your intelligence (+3).
   Slay+4:    It affects your accuracy & damage with ranged weapons and melee
   (+4).
   rF+:       It protects you from fire.
   rC+:       It protects you from cold.
   Will++:    It greatly increases your willpower.
 v - the ring "Luosocin" (left hand) {^Contam Fly Will+ Str+6 Slay+5}
   (You found it in the Dungeon)

   [ring of slaying]

   Str+6:     It affects your strength (+6).
   Slay+5:    It affects your accuracy & damage with ranged weapons and melee
   (+5).
   Will+:     It increases your willpower.
   Fly:       It grants you flight.
   ^Contam:   It causes magical contamination when unequipped.
 y - an amulet of regeneration
 E - an amulet of guardian spirit
 G - a ring of see invisible
 I - a +6 ring of strength
 L - the ring of the Leaf {rElec Will++ MP+9}
   (You found it in the Dungeon)

   [ring of magical power]

   rElec:     It insulates you from electricity.
   Will++:    It greatly increases your willpower.
   MP+9:      It affects your magic capacity (+9).
 O - the ring of the Last Queens {rCorr Str+2 Dex+3 SInv}
   (You found it in the Dungeon)

   [ring of see invisible]

   Str+2:     It affects your strength (+2).
   Dex+3:     It affects your dexterity (+3).
   SInv:      It lets you see invisible.
   rCorr:     It protects you from acid and corrosion.
 Q - the ring "Kiesakell" {rPois Will- Str+6 Slay+3}
   (You found it in the Dungeon)

   [ring of strength]

   Str+6:     It affects your strength (+6).
   Slay+3:    It affects your accuracy & damage with ranged weapons and melee
   (+3).
   rPois:     It protects you from poison Will-: It decreases your willpower.
 R - the amulet "Panichot" (around neck) {Reflect ^Drain rC++ Will+ Int+2 SH+5}
   (You found it in the Dungeon)

   [amulet of reflection]

   Reflect:   It reflects blocked missile attacks.
   Int+2:     It affects your intelligence (+2).
   rC++:      It greatly protects you from cold.
   Will+:     It increases your willpower.
   ^Drain:    It drains your maximum health when unequipped.
   SH+5:      It affects your SH (+5).
 T - the amulet of Ifarosyo {Reflect +Blink rN++ Str-2 SH+5 SInv}
   (You found it in the Dungeon)

   [amulet of reflection]

   Reflect:   It reflects blocked missile attacks.
   Str-2:     It affects your strength (-2).
   rN++:      It greatly protects you from negative energy.
   SInv:      It lets you see invisible.
   +Blink:    It lets you blink.
   SH+5:      It affects your SH (+5).
Wands
 l - a wand of quicksilver (4)
 m - a wand of mindburst (13)
 A - a wand of roots (11) (quivered)
 H - a wand of paralysis (6)
 S - a wand of flame (13)
Scrolls
 B - 7 scrolls of fog
 C - 2 scrolls of fear
 D - 11 scrolls of identify
 V - 2 scrolls of blinking
Potions
 a - 2 potions of invisibility
 b - a potion of resistance
 c - a potion of ambrosia
 e - 8 potions of curing
 f - 7 potions of heal wounds
 g - 9 potions of haste
 h - 5 potions of magic
 i - 10 potions of berserk rage
 q - a potion of enlightenment
 t - 9 potions of mutation
 u - 4 potions of brilliance
 F - a potion of lignification
 W - a potion of might
Miscellaneous
 j - a phantom mirror
 J - a tin of tremorstones (2/2)
 N - a phial of floods
 U - a lightning rod (4/4)
 Z - a sack of spiders


   Skills:
 O Level 27 Fighting
 O Level 27 Short Blades
 O Level 27 Long Blades
 O Level 27 Axes
 O Level 27 Maces & Flails
 O Level 27 Polearms
 + Level 21.0(27) Staves
 O Level 27 Ranged Weapons
 + Level 17.2 Throwing
 O Level 27 Armour
 O Level 27 Dodging
 O Level 27 Stealth
 O Level 27 Shields
 O Level 27 Unarmed Combat
 O Level 27 Spellcasting
 + Level 13.5 Conjurations
 + Level 12.4 Hexes
 + Level 13.5 Summonings
 + Level 13.5 Necromancy
 + Level 13.5 Translocations
 O Level 27 Fire Magic
 + Level 13.4 Ice Magic
 + Level 13.4 Air Magic
 + Level 14.6 Earth Magic
 O Level 27 Alchemy
 O Level 27 Invocations
 O Level 27 Evocations
 + Level 13.5 Shapeshifting


You had 66 spell levels left.
You knew the following spells:

 Your Spells              Type           Power      Damage    Failure   Level
a - Plasma Beam           Fire/Air       21%        2x1d33    1%          6
b - Haunt                 Necr/Summ      16%        N/A       36%         7

Your spell library contained the following spells:

 Spells                   Type           Power      Damage    Failure   Level
 Olgreb's Toxic Radiance  Alch           52%        N/A       0%          4
 Freeze                   Ice            100%       1d10      1%          1
 Magic Dart               Conj           100%       1d8       1%          1
 Blink                    Tloc           64%        N/A       1%          2
 Call Imp                 Summ           64%        N/A       1%          2
 Lesser Beckoning         Tloc           64%        N/A       1%          2
 Momentum Strike          Conj/Tloc      64%        3d9       1%          2
 Call Canine Familiar     Summ           32%        N/A       1%          3
 Confusing Touch          Hex            30%        N/A       1%          3
 Frozen Ramparts          Ice            64%        1d10      1%          3
 Gell's Gravitas          Tloc           32%        N/A       1%          3
 Hailstorm                Conj/Ice       32%        3d8       1%          3
 Mephitic Cloud           Conj/Alch/Air  39%        N/A       1%          3
 Sigil of Binding         Hex            30%        N/A       1%          3
 Stone Arrow              Conj/Erth      66%        3d11      1%          3
 Teleport Other           Tloc           32%        N/A       1%          3
 Animate Armour           Summ/Erth      66%        N/A       1%          4
 Animate Dead             Necr           32%        N/A       1%          4
 Brom's Barrelling Bould  Conj/Erth      33%        2d5       1%          4
 Dimensional Bullseye     Hex/Tloc       15%        N/A       1%          4
 Fulminant Prism          Conj/Alch      21%        3d12      1%          4
 Leda's Liquefaction      Alch/Erth      22%        N/A       1%          4
 Summon Lightning Spire   Summ/Air       32%        N/A       1%          4
 Vhi's Electric Charge    Tloc/Air       64%        N/A       1%          4
 Arcjolt                  Conj/Air       16%        1d26      1%          5
 Lee's Rapid Deconstruct  Erth           17%        3d10*     1%          5
 Bombard                  Conj/Erth      16%        9d3       5%          6
 Dispersal                Tloc           16%        N/A       7%          6
 Ozocubu's Refrigeration  Ice            16%        4d11      36%         7
 Infestation              Necr           16%        N/A       96%         8
 Maxwell's Capacitive Co  Air            16%        ∞         96%         8
 Discord                  Hex            15%        N/A       99%         8


Dungeon Overview and Level Annotations

Branches:
Dungeon (1/1)

Altars:
Ashenzari
Cheibriados
Dithmenos
Elyvilon
Fedhas
Gozag
Hepliaklqana
Kikubaaqudgha
Makhleb
Nemelex Xobeh
Okawaru
Qazlal
Ru
Sif Muna
Trog
Uskayaw
Vehumet
Wu Jian
Xom
Yredelemnul
Zin
The Shining One
Beogh
Jiyva
Lugonu


Innate Abilities, Weirdness & Mutations

You have a pair of horns on your head.
You reflexively headbutt those who attack you in melee.
Your body sometimes deteriorates upon taking damage.
You are frail. (-10% HP)
You are strong-willed. (Will+)
Your muscles are strong. (Str +4, Int/Dex -1)
You occasionally lose the ability to read scrolls when taking damage.


Message History

The Brimstone Fiend barely misses you. The Brimstone Fiend misses you.
You see here a +2 scythe of flaming.
You slice the Brimstone Fiend!! You headbutt the Brimstone Fiend!
The Brimstone Fiend is heavily wounded.
The Brimstone Fiend barely misses you.
You riposte.
You cut the Brimstone Fiend into ribbons!!!
You headbutt the Brimstone Fiend.
You kill the Brimstone Fiend!
Qazlal accepts your kill.
Items here: ))) ÷.
You see here a +2 scythe of flaming.
You see here a +2 scythe of protection.
You start resting.
You feel a bit more experienced.
You start resting.
You start resting.
A hellwing comes into view.
There is a staircase leading out of the dungeon, spattered with blood here.
Items here: )))))))))))) [[[[[[[[[[[ ÷÷÷÷.
You rampage towards the hellwing!
The hellwing swoops through the air toward you!
The hellwing completely misses you. x2
You see here a +2 scythe of protection.
The hellwing attacks as it pursues you!
The hellwing hits you but does no damage.
The hellwing completely misses you.
You see here a +2 scythe of flaming.
There is an open door to the Entrance Hall (Safe), spattered with blood here.
Items here: ))))) [[[[[[[ ÷.
You open the hellwing like a pillowcase!!!
You kill the hellwing!
Qazlal accepts your kill.
There is an open door to the Entrance Hall (Safe), spattered with blood here.
Items here: ))))) [[[[[[[ ÷.
You see here a +2 scythe of flaming.
You see here a +2 scythe of protection.
There is a staircase leading out of the dungeon, spattered with blood here.
Items here: )))))))))))) [[[[[[[[[[[ ÷÷÷÷.
You can't go down here!
You have escaped!

##########.##.).[....[.......''..
#....≈.≈.[..))..)[[).........''..
#'#####[#####.[)...#..#......##..
#.#..#...'.##)....)).........##..
#.#..#...#.#####[#####[)#########
#X#..#####.##)..))).##''#########
#.#÷.'...#.##÷.))...##..#......).
#.#..'..÷'.##..)○.☼.##..##.......
#.#..########..○@...##..####...#'
#.#..'.)).[##.[.○.○÷##..#..#####.
#[#..#.))).##)○÷..÷.##..#)[..##..
#[###########...)...##..[.....#..
#÷[#.#.##..*##########..[.[...'..
#.......#.############..))....#..
##.#.#.##.#.(..#..[.##..#)...##..
#.......#'#....#..[.##..#..#####.
##.#.#.##.')...'..))##..####...#+


There were no monsters in sight!

Vanquished Creatures
  Asmodeus (D)
  the Royal Jelly (D)
  Dissolution (D)
  6 seraphim (D)
  Frederick (D)
  5 ancient liches (D)
  Mara (D)
  2 orbs of fire (D)
  Mennas (D)
  4 royal mummies (D)
  Xtahua (D)
  Boris (thrice) (D)
  2 Killer Klowns (D)
  the Lernaean hydra (D)
  Margery (D)
  A curse toe (D)
  21 golden dragons (D)
  Jory (D)
  3 pearl dragons (D)
  3 profane servitors (D)
  38 pandemonium lords (D)
  23 Brimstone Fiends (D)
  4 electric golems (D)
  20 Tzitzimimeh (D)
  7 hellephants (D)
  10 Hell Sentinels (D)
  98 Orb Guardians (D)
  17 Ice Fiends (D)
  3 deep elf blademasters (D)
  5 tentacled monstrosities (D)
  6 titans (D)
  9 quicksilver dragons (D)
  2 deep elf master archers (D)
  A searing wretch (D)
  4 acid blobs (D)
  11 liches (D)
  A sphinx (D)
  16 Executioners (D)
  11 shadow dragons (D)
  3 storm dragons (D)
  8 demonspawn warmongers (D)
  A draconian knight (D)
  6 rockslimes (D)
  4 azure jellies (D)
  6 daevas (D)
  2 draconian monks (D)
  3 frost giants (D)
  2 nagarajas (D)
  7 iron dragons (D)
  A deep elf sorcerer (D)
  2 fire giants (D)
  Louise (D)
  2 emperor scorpions (D)
  4 draconian scorchers (D)
  17 orc warlords (D)
  11 cacodemons (D)
  2 ghost moths (D)
  11 balrugs (D)
  20 reapers (D)
  A draconian shifter (D)
  A draconian stormcaller (D)
  2 ophanim (D)
  4 quicksilver oozes (D)
  13 angels (D)
  A draconian annihilator (D)
  5 demonspawn blood saints (D)
  A stone giant (D)
  7 demonspawn corrupters (D)
  4 deep elf death magi (D)
  5 dire elephants (D)
  2 deep elf demonologists (D)
  12 lorocyprocas (D)
  2 black draconians (D)
  A minotaur (D)
  4 white draconians (D)
  A green draconian (D)
  12 demonspawn black suns (D)
  A purple draconian (D)
  3 red draconians (D)
  16 blizzard demons (D)
  2 yellow draconians (D)
  2 deep elf annihilators (D)
  11 green deaths (D)
  9 fire dragons (D)
  An ettin (D)
  A merfolk javelineer (D)
  2 great orbs of eyes (D)
  3 deep elf high priests (D)
  5 yaktaur captains (D)
  9 ice dragons (D)
  17 hell beasts (D)
  11 rakshasas (D)
  2 ogre magi (D)
  A vault guard (D)
  16 hydras (D)
  An anaconda (D)
  2 merfolk avatars (D)
  3 dancing weapons (D)
  6 death yaks (D)
  2 alligator snapping turtles (D)
  A death knight (D)
  2 vampire magi (D)
  5 naga warriors (D)
  5 demonic crawlers (D)
  24 hell hogs (D)
  An iron elemental (D)
  16 hell knights (D)
  9 orc high priests (D)
  14 soul eaters (D)
  2 occultists (D)
  31 sun demons (D)
  A fire crab (D)
  21 sixfirhies (D)
  3 deep elf knights (D)
  12 skeletal warriors (D)
  An iron troll (D)
  A shadow wraith (D)
  A spriggan druid (D)
  6 cherubim (D)
  6 glowing orange brains (D)
  18 shadow demons (D)
  A flayed ghost (D)
  2 phantasmal warriors (D)
  12 swamp dragons (D)
  A lindwurm (D)
  5 necromancers (D)
  A deep elf zephyrmancer (D)
  A cyclops (shapeshifter) (D)
  29 orc knights (D)
  9 orc sorcerers (D)
  2 manticores (D)
  27 large abominations (D)
  A guardian serpent (D)
  4 toenail golems (D)
  7 rust devils (D)
  9 smoke demons (D)
  A merfolk siren (D)
  An eye of devastation (D)
  2 molten gargoyles (D)
  4 naga magi (D)
  11 hellions (D)
  16 orange demons (D)
  8 efreet (D)
  A freezing wraith (D)
  An unseen horror (D)
  3 rime drakes (D)
  A kobold demonologist (D)
  7 yaktaurs (D)
  14 ice devils (D)
  A komodo dragon (D)
  19 tormentors (D)
  7 red devils (D)
  A troll (D)
  4 merfolk (D)
  2 tyrant leeches (D)
  A tarantella (D)
  14 hellwings (D)
  A raiju (shapeshifter) (D)
  A dream sheep (D)
  A wandering mushroom (D)
  A dream sheep (shapeshifter) (D)
  3 glass eyes (D)
  2 air elementals (D)
  A culicivora (D)
  2 spriggans (D)
  3 slime creatures (D)
  10 ynoxinuls (D)
  A wraith (D)
  5 small abominations (D)
  11 neqoxecs (D)
  2 water elementals (D)
  A fire bat (D)
  6 yaks (D)
  12 golden eyes (D)
  A fire elemental (D)
  3 basilisks (D)
  4 wargs (D)
  4 vampire mosquitoes (D)
  9 redbacks (D)
  Grum (D)
  20 chaos spawn (D)
  13 hell hounds (D)
  5 nagas (D)
  30 orc warriors (D)
  A sky beast (D)
  A black bear (D)
  3 wolves (D)
  A centaur (D)
  A crocodile (D)
  An ogre (D)
  A phantom (D)
  A weeping skull (D)
  A kobold brigand (D)
  2 earth elementals (D)
  5 wights (D)
  A quasit (D)
  A hound (D)
  3 jellies (D)
  An orc priest (D)
  An orc wizard (D)
  A hell rat (D)
  3 ufetubi (D)
  An adder skeleton (D)
  A dart slug (D)
  16 orcs (D)
  2 bats (D)
  A hobgoblin (D)
  3 jackals (D)
  A ball python skeleton (D)
  A ball python zombie (D)
  2 frilled lizards (D)
  A quokka simulacrum (D)
  A quokka skeleton (D)
  3 ball lightnings (D)
  5 fire vortices (D)
  A spectral weapon (D)
1294 creatures vanquished.

Vanquished Creatures (collateral kills)
  A pandemonium lord (D)
  A pearl dragon (D)
  2 liches (D)
  A Hell Sentinel (D)
  2 Orb Guardians (D)
  A lorocyproca (D)
  A soul eater (D)
  A cherub (D)
  A glowing orange brain (D)
  2 shadow demons (D)
  A hellion (D)
  5 hell hounds (D)
19 creatures vanquished.

Vanquished Creatures (others)
  4 eldritch tentacles (D)
  A soul eater (D)
  A sixfirhy (D)
  2 large abominations (D)
  A smoke demon (D)
  A hellion (D)
  A ynoxinul (D)
  A neqoxec (D)
  6 ball lightnings (D)
18 creatures vanquished.

Grand Total: 1331 creatures vanquished

Notes
Turn   | Place    | Note
-------+----------+-------------------------------------------
     0 | D        | BigDaddyOpFi the Minotaur Monk began the quest for the Orb.
     0 | D        | Reached XP level 1. HP: 19/19 MP: 0/0
    17 | D        | Found a bloodstained altar of Trog.
    17 | D        | Found a shimmering blue altar of Sif Muna.
    17 | D        | Found a viscous altar of Jiyva.
    17 | D        | Found a hazy altar of Hepliaklqana.
    17 | D        | Found an opulent altar of Gozag.
    18 | D        | Found a glowing golden altar of the Shining One.
    18 | D        | Found a glowing silver altar of Zin.
    18 | D        | Found a basalt altar of Yredelemnul.
    18 | D        | Found a shimmering altar of Xom.
    18 | D        | Found an ornate altar of the Wu Jian Council.
    18 | D        | Found a sacrificial altar of Ru.
    18 | D        | Found a stormy altar of Qazlal.
    18 | D        | Found an iron altar of Okawaru.
    18 | D        | Found a sparkling altar of Nemelex Xobeh.
    18 | D        | Found a burning altar of Makhleb.
    18 | D        | Found a blossoming altar of Fedhas.
    18 | D        | Found a white marble altar of Elyvilon.
    18 | D        | Found a shadowy altar of Dithmenos.
    18 | D        | Found a snail-covered altar of Cheibriados.
    20 | D        | Found a radiant altar of Vehumet.
    20 | D        | Found a corrupted altar of Lugonu.
    20 | D        | Found a roughly hewn altar of Beogh.
    21 | D        | Found a hide-covered altar of Uskayaw.
    21 | D        | Found an ancient bone altar of Kikubaaqudgha.
    21 | D        | Found a broken altar of Ashenzari.
    25 | D        | Became a worshipper of Qazlal Stormbringer
    25 | D        | Reached * piety under Qazlal
    25 | D        | Reached ** piety under Qazlal
    61 | D        | Noticed a glass eye
    63 | D        | Reached XP level 2. HP: 28/28 MP: 1/1
    77 | D        | Killed a glass eye
    78 | D        | Reached skill level 5 in Axes
    78 | D        | Reached XP level 3. HP: 39/39 MP: 1/6
    78 | D        | Reached XP level 4. HP: 47/47 MP: 1/7
    78 | D        | Reached XP level 5. HP: 52/52 MP: 1/8
   315 | D        | Reached *** piety under Qazlal
   319 | D        | Noticed a fire bat
   328 | D        | Killed a fire bat
   328 | D        | Reached **** piety under Qazlal
   329 | D        | Reached XP level 6. HP: 28/61 MP: 8/10
   594 | D        | Noticed an orc warrior
   603 | D        | Killed an orc warrior
   616 | D        | Reached XP level 7. HP: 30/70 MP: 8/13
   616 | D        | Noticed a warg
   624 | D        | Reached ***** piety under Qazlal
   625 | D        | Reached skill level 10 in Invocations
   628 | D        | Reached skill level 10 in Fighting
   631 | D        | Killed a warg
   632 | D        | Reached XP level 8. HP: 32/79 MP: 10/15
   956 | D        | Reached ****** piety under Qazlal
   962 | D        | Reached skill level 10 in Dodging
  1071 | D        | Noticed a merfolk siren
  1073 | D        | Killed a merfolk siren
  1074 | D        | Reached skill level 10 in Axes
  1441 | D        | Noticed a glass eye
  1441 | D        | Noticed an orc knight
  1441 | D        | Noticed an unseen horror
  1442 | D        | Killed an unseen horror
  1443 | D        | Reached XP level 9. HP: 90/90 MP: 8/17
  1451 | D        | Killed an orc knight
  1634 | D        | Noticed a flayed ghost
  1637 | D        | Noticed a shadow wraith
  1638 | D        | Killed a flayed ghost
  1641 | D        | Reached XP level 10. HP: 40/101 MP: 19/19
  1642 | D        | HP: 3/101 [shadow wraith (16)]
  1644 | D        | Killed a shadow wraith
  1645 | D        | Reached skill level 15 in Invocations
  1822 | D        | Noticed an occultist
  1823 | D        | Noticed a lindwurm
  1823 | D        | Noticed a phantasmal warrior
  1827 | D        | Killed a phantasmal warrior
  1827 | D        | Killed an occultist
  1829 | D        | Killed a lindwurm
  1879 | D        | Noticed a manticore
  1880 | D        | Killed a manticore
  1882 | D        | Noticed a demonic crawler
  1889 | D        | Noticed a manticore
  1889 | D        | Noticed an orange demon
  1889 | D        | Noticed a phantasmal warrior
  1891 | D        | Killed an orange demon
  1893 | D        | Killed a demonic crawler
  1893 | D        | Killed a phantasmal warrior
  1894 | D        | Reached skill level 15 in Fighting
  1894 | D        | Reached XP level 11. HP: 61/112 MP: 0/22
  2245 | D        | Noticed a deep elf zephyrmancer
  2245 | D        | Noticed a fire crab
  2248 | D        | Killed a deep elf zephyrmancer
  2250 | D        | Killed a fire crab
  2251 | D        | Reached skill level 15 in Axes
  2433 | D        | Noticed a demonic crawler
  2441 | D        | Killed a demonic crawler
  3062 | D        | Noticed a six-headed hydra
  3062 | D        | Noticed a yellow draconian
  3130 | D        | Noticed a skeletal warrior
  3132 | D        | Noticed a skeletal warrior
  3133 | D        | Noticed a skeletal warrior
  3136 | D        | Killed a skeletal warrior
  3141 | D        | Killed a skeletal warrior
  3142 | D        | Reached skill level 15 in Dodging
  3150 | D        | Killed a skeletal warrior
  3611 | D        | Noticed a rakshasa
  3618 | D        | Killed a rakshasa
  3966 | D        | Reached XP level 12. HP: 102/124 MP: 24/24
  3981 | D        | Noticed Grum
  3992 | D        | Killed Grum
  4315 | D        | Noticed a merfolk avatar
  4319 | D        | Killed a merfolk avatar
  4582 | D        | Noticed an emperor scorpion
  4582 | D        | Noticed a yellow draconian
  4582 | D        | Killed a yellow draconian
  4592 | D        | Killed an emperor scorpion
  4866 | D        | Got the ring of Gozag's Supremacy {rElec Int+6}
  4899 | D        | Noticed an orc warlord
  4899 | D        | Noticed an orc warlord
  4899 | D        | Noticed a naga warrior
  4899 | D        | Noticed a deep elf death mage
  4900 | D        | Noticed a vault guard
  4901 | D        | Killed a naga warrior
  4901 | D        | Killed an orc warlord
  4901 | D        | Killed an orc warlord
  4901 | D        | Noticed a hellephant
  4902 | D        | Reached XP level 13. HP: 121/137 MP: 17/26
  4902 | D        | Killed a deep elf death mage
  4908 | D        | Killed a hellephant
  5131 | D        | Found the +4 robe of Folly {Brill Will-∞ Int+8}
  5146 | D        | Got the +0 helmet of Lethargy {+Blink Fly}
  5274 | D        | Found the +5 demon whip "Spellbinder" {antimagic, disrupt,
                  | Will+}
  5503 | D        | Noticed an ophan
  5506 | D        | Killed an ophan
  5506 | D        | Identified the +5 rapier "Naziyphi" {drain, rC+ rCorr SInv}
  5506 | D        | Noticed a black draconian
  5510 | D        | Killed a black draconian
  5519 | D        | HP: 4/141 [skeletal warrior/+0 flail (13)]
  5527 | D        | Reached XP level 14. HP: 13/151 MP: 15/29
  6067 | D        | Noticed a nagaraja
  6073 | D        | Killed a nagaraja
  6081 | D        | Acquired a manual of Alchemy
  6479 | D        | Noticed a lich
  6479 | D        | Noticed a shadow dragon
  6479 | D        | Noticed a black draconian knight
  6481 | D        | Killed a lich
  6481 | D        | Killed a red draconian scorcher
  6481 | D        | Killed a black draconian knight
  6481 | D        | Killed a shadow dragon
  6484 | D        | Noticed a lich
  6489 | D        | Noticed a red draconian scorcher
  6490 | D        | Killed a lich
  6490 | D        | Killed a red draconian scorcher
  6491 | D        | Reached skill level 10 in Armour
  6769 | D        | Noticed a lich
  6772 | D        | Killed a lich
  6989 | D        | Got the ring "Jioseofi" {Str+3 Dex+3 Slay+5}
  6991 | D        | Got the ring "Luosocin" {^Contam Fly Will+ Str+6 Slay+5}
  6995 | D        | Got the ring of Xom's Attic {rF+ rN+ MP+9 Str+6 Dex+3}
  6997 | D        | Got the ring "Ficein" {rElec rF++ rN+ Str+3}
  6999 | D        | Got the ring of Tigroof {rElec AC+6 Dex+3}
  7001 | D        | Got the ring "Kiesakell" {rPois Will- Str+6 Slay+3}
  7012 | D        | Got the amulet "Panichot" {Reflect ^Drain rC++ Will+ Int+2
                  | SH+5}
  7036 | D        | Got the Handbook of the Seismic Birds
  7038 | D        | Got the Codex of Cursed Conjury
  7165 | D        | Noticed an emperor scorpion
  7168 | D        | Reached XP level 15. HP: 158/163 MP: 14/31
  7168 | D        | Killed an emperor scorpion
  7256 | D        | Reached skill level 15 in Armour
  7274 | D        | Noticed a deep elf master archer
  7280 | D        | Killed a deep elf master archer
  7300 | D        | Noticed Xtahua
  7303 | D        | Reached skill level 27 in Invocations
  7307 | D        | Killed Xtahua
  7309 | D        | Noticed a storm dragon
  7313 | D        | Killed a storm dragon
  7314 | D        | Noticed a frost giant
  7316 | D        | Killed a frost giant
  7348 | D        | Noticed a deep elf sorcerer
  7353 | D        | Killed a deep elf sorcerer
  7635 | D        | Found the +11 Singing Sword {sonic wave}
  7737 | D        | Found the +7 captain's cutlass {speed, disarm}
  7737 | D        | Found the ring of the Hare {EV+10}
  7738 | D        | Identified the +8 long sword of Gyunic {freeze, Dex+3 SInv}
  7740 | D        | Reached XP level 16. HP: 175/180 MP: 23/32
  8035 | D        | Got a silver rune of Zot
  8079 | D        | Got the ring "Teiqot" {rPois rCorr}
  8195 | D        | Noticed a tentacled monstrosity
  8198 | D        | Killed a tentacled monstrosity
  8200 | D        | Reached skill level 15 in Long Blades
  8200 | D        | Noticed a searing wretch
  8200 | D        | Noticed Margery
  8201 | D        | Killed a searing wretch
  8202 | D        | Reached skill level 27 in Fighting
  8209 | D        | Killed Margery
  8462 | D        | Noticed an Orb Guardian
  8462 | D        | Noticed an Orb Guardian
  8462 | D        | Noticed an Orb Guardian
  8462 | D        | Noticed an Orb Guardian
  8463 | D        | Noticed an Orb Guardian
  8464 | D        | Killed an Orb Guardian
  8465 | D        | Reached skill level 27 in Axes
  8465 | D        | Killed an Orb Guardian
  8465 | D        | Killed an Orb Guardian
  8465 | D        | Noticed Mennas
  8465 | D        | Noticed a royal mummy
  8466 | D        | Killed an Orb Guardian
  8467 | D        | Killed an Orb Guardian
  8467 | D        | Noticed a shadow dragon
  8468 | D        | Killed a royal mummy
  8468 | D        | Killed Mennas
  8469 | D        | Reached XP level 17. HP: 160/191 MP: 17/33
  8469 | D        | Noticed an Orb Guardian
  8471 | D        | Noticed an Orb Guardian
  8475 | D        | Killed an Orb Guardian
  8479 | D        | Killed an Orb Guardian
  8481 | D        | Identified the orb of Buseth {light, Rampage rElec rN+
                  | Dex+2}
  8481 | D        | Noticed Frederick
  8484 | D        | Killed Frederick
  8484 | D        | Noticed an ancient lich
  8491 | D        | Killed an ancient lich
  8492 | D        | Reached skill level 27 in Dodging
  8881 | D        | Noticed an Orb Guardian
  8883 | D        | Killed an Orb Guardian
  8886 | D        | Noticed an Orb Guardian
  8886 | D        | Noticed a Hell Sentinel
  8886 | D        | Noticed an electric golem
  8887 | D        | Noticed an Orb Guardian
  8887 | D        | Noticed Gemion the pandemonium lord
  8887 | D        | Noticed an Orb Guardian
  8888 | D        | Killed an Orb Guardian
  8888 | D        | Killed an Orb Guardian
  8888 | D        | Killed an Orb Guardian
  8888 | D        | Killed an electric golem
  8888 | D        | Killed Gemion the pandemonium lord
  8888 | D        | Killed an Orb Guardian
  8888 | D        | Killed a tentacled monstrosity
  8888 | D        | Killed an Orb Guardian
  8889 | D        | Reached skill level 27 in Long Blades
  8889 | D        | Reached skill level 27 in Armour
  8889 | D        | Noticed Giothryam the pandemonium lord
  8891 | D        | Noticed an Ice Fiend
  8891 | D        | Noticed a tentacled monstrosity
  8892 | D        | Noticed a golden dragon
  8893 | D        | Killed a tentacled monstrosity
  8893 | D        | Killed a golden dragon
  8893 | D        | Killed an Ice Fiend
  8897 | D        | Killed a Hell Sentinel
  8899 | D        | Noticed Siupeog the pandemonium lord
  8902 | D        | Killed Giothryam the pandemonium lord
  8903 | D        | Noticed a Brimstone Fiend
  8905 | D        | HP: 8/191 [disintegration (54)]
  8914 | D        | Killed Siupeog the pandemonium lord
  8915 | D        | Reached skill level 5 in Evocations
  9422 | D        | Noticed a hellephant
  9424 | D        | Found the +13 sceptre of Asmodeus
  9424 | D        | Noticed Asmodeus
  9445 | D        | Killed Asmodeus
  9446 | D        | Reached skill level 10 in Stealth
  9447 | D        | Killed a hellephant
  9463 | D        | Noticed Qolorint the pandemonium lord
  9464 | D        | Noticed an Orb Guardian
  9466 | D        | Killed an Orb Guardian
  9466 | D        | Killed Qolorint the pandemonium lord
  9467 | D        | Reached skill level 10 in Evocations
  9467 | D        | Reached XP level 18. HP: 182/200 MP: 11/34
  9482 | D        | Noticed a Tzitzimitl
  9484 | D        | Killed a Tzitzimitl
  9486 | D        | Noticed Luchiuhi the pandemonium lord
  9487 | D        | Killed an Orb Guardian
  9487 | D        | Killed Luchiuhi the pandemonium lord
  9490 | D        | Noticed a Killer Klown
  9491 | D        | Noticed an ancient lich
  9512 | D        | Killed an ancient lich
  9524 | D        | Killed a Killer Klown
  9562 | D        | Noticed Dissolution
  9569 | D        | Killed Dissolution
  9570 | D        | Reached skill level 15 in Stealth
  9700 | D        | Reached skill level 15 in Evocations
  9704 | D        | Noticed an Orb Guardian
  9706 | D        | Noticed an Orb Guardian
  9708 | D        | Noticed an Orb Guardian
  9711 | D        | Killed an Orb Guardian
  9712 | D        | Noticed an Orb Guardian
  9715 | D        | Killed an Orb Guardian
  9717 | D        | Noticed an Orb Guardian
  9718 | D        | Noticed an Orb Guardian
  9718 | D        | Noticed an Orb Guardian
  9719 | D        | Noticed an Orb Guardian
  9720 | D        | Noticed a lich
  9720 | D        | Noticed an Orb Guardian
  9721 | D        | Noticed a Killer Klown
  9722 | D        | Killed an Orb Guardian
  9723 | D        | Killed an Orb Guardian
  9723 | D        | Killed a Killer Klown
  9727 | D        | Killed an Orb Guardian
  9727 | D        | Killed an Orb Guardian
  9727 | D        | Killed an Orb Guardian
  9727 | D        | Killed an Orb Guardian
  9747 | D        | Killed an Orb Guardian
  9761 | D        | Killed a lich
  9797 | D        | Noticed a lich
  9800 | D        | Killed a lich
  9804 | D        | Noticed a Hell Sentinel
  9807 | D        | Killed a Hell Sentinel
  9810 | D        | Noticed a tentacled monstrosity
  9814 | D        | Killed a tentacled monstrosity
 10192 | D        | Noticed an Orb Guardian
 10193 | D        | Noticed an Orb Guardian
 10200 | D        | Killed an Orb Guardian
 10201 | D        | Killed an Orb Guardian
 10208 | D        | Noticed an Ice Fiend
 10208 | D        | Noticed a Brimstone Fiend
 10208 | D        | Noticed a pearl dragon
 10214 | D        | Killed an Ice Fiend
 10214 | D        | Killed a pearl dragon
 10215 | D        | Killed a Brimstone Fiend
 10679 | D        | Noticed a pearl dragon
 10682 | D        | Killed a pearl dragon
 10688 | D        | Noticed a royal mummy
 10692 | D        | Killed a royal mummy
 10701 | D        | Noticed a royal mummy
 10702 | D        | Killed a royal mummy
 10703 | D        | Reached XP level 19. HP: 172/207 MP: 26/35
 10769 | D        | Noticed a pearl dragon
 10773 | D        | Killed a pearl dragon
 10781 | D        | Noticed a Tzitzimitl
 10784 | D        | Killed a Tzitzimitl
 10940 | D        | Noticed a pearl dragon
 10946 | D        | Killed a pearl dragon
 11001 | D        | Noticed an electric golem
 11006 | D        | Killed an electric golem
 11055 | D        | Noticed a golden dragon
 11055 | D        | Noticed a golden dragon
 11055 | D        | Noticed a golden dragon
 11056 | D        | Noticed a golden dragon
 11059 | D        | Killed a golden dragon
 11059 | D        | Killed a golden dragon
 11059 | D        | Killed a golden dragon
 11059 | D        | Killed a golden dragon
 11059 | D        | Noticed a golden dragon
 11064 | D        | Killed a golden dragon
 11065 | D        | Killed a golden dragon
 11065 | D        | Killed a golden dragon
 11065 | D        | Noticed a golden dragon
 11066 | D        | Killed a golden dragon
 11067 | D        | Reached skill level 27 in Stealth
 11067 | D        | Noticed a golden dragon
 11067 | D        | Noticed a golden dragon
 11068 | D        | Killed a golden dragon
 11068 | D        | Killed a golden dragon
 11068 | D        | Killed a golden dragon
 11068 | D        | Noticed a golden dragon
 11069 | D        | Reached skill level 27 in Evocations
 11070 | D        | Killed a golden dragon
 11070 | D        | Killed a golden dragon
 11070 | D        | Killed a golden dragon
 11070 | D        | Killed a golden dragon
 11071 | D        | Noticed a golden dragon
 11073 | D        | Noticed a golden dragon
 11073 | D        | Found the +1 robe of Vines {NoPotionHeal Regen++++}
 11075 | D        | Killed a golden dragon
 11076 | D        | Reached skill level 27 in Shields
 11076 | D        | Reached skill level 1 in Spellcasting
 11076 | D        | Reached XP level 20. HP: 197/216 MP: 25/36
 11078 | D        | Killed a golden dragon
 11321 | D        | Acquired a manual of Ranged Weapons
 11351 | D        | Got a golden rune of Zot
 11356 | D        | Got the amulet of Ifarosyo {Reflect +Blink rN++ Str-2 SH+5
                  | SInv}
 11417 | D        | Reached skill level 10 in Spellcasting
 11436 | D        | Noticed a golden dragon
 11440 | D        | Killed a golden dragon
 11502 | D        | Noticed an ancient lich
 11508 | D        | Killed an ancient lich
 11944 | D        | Reached skill level 15 in Spellcasting
 11956 | D        | Identified the +3 robe of Kegraew {Harm}
 11956 | D        | Noticed Boris
 11962 | D        | Killed Boris
 12228 | D        | Noticed Mara
 12238 | D        | Killed Mara
 12437 | D        | Noticed an orb of fire
 12440 | D        | Gained mutation: Your body sometimes deteriorates upon
                  | taking damage. [an orb of fire]
 12442 | D        | Gained mutation: Your system is resistant to poisons.
                  | (rPois) [an orb of fire]
 12444 | D        | Gained mutation: You have supernaturally acute eyesight.
                  | (SInv) [an orb of fire]
 12447 | D        | Gained mutation: You sometimes lose your temper in combat.
                  | [an orb of fire]
 12450 | D        | Killed an orb of fire
 12727 | D        | Noticed the Royal Jelly
 12729 | D        | Noticed an ancient lich
 12730 | D        | Killed an ancient lich
 12735 | D        | Killed the Royal Jelly
 13152 | D        | Noticed an orb of fire
 13155 | D        | Noticed a royal mummy
 13155 | D        | Noticed Tudu Vena the pandemonium lord
 13157 | D        | Killed an orb of fire
 13157 | D        | Killed a royal mummy
 13160 | D        | Killed Tudu Vena the pandemonium lord
 13601 | D        | Got an iron rune of Zot
 13630 | D        | Got the amulet of Dim Light {Reflect Rampage *Slow Fly
                  | Will++ SH+5}
 13640 | D        | Got the ring of Democracy {rF+ rC+ Will++ Int+3 Slay+4}
 13814 | D        | Noticed a golden dragon
 13819 | D        | Killed a golden dragon
 13845 | D        | Noticed a profane servitor
 13852 | D        | Reached XP level 21. HP: 195/224 MP: 38/47
 13859 | D        | Killed a profane servitor
 14278 | D        | Noticed a profane servitor
 14289 | D        | Killed a profane servitor
 14641 | D        | Noticed a curse toe
 14643 | D        | Found the +0 pair of fencer's gloves {Riposte Dex+3}
 14643 | D        | Killed a curse toe
 14672 | D        | Noticed Jory
 14672 | D        | Noticed the 27-headed Lernaean hydra
 14676 | D        | Killed the 26-headed Lernaean hydra
 14676 | D        | Killed Jory
 14883 | D        | Noticed Louise
 14885 | D        | Killed Louise
 14886 | D        | Reached skill level 27 in Spellcasting
 14920 | D        | Got the ring of the Leaf {rElec Will++ MP+9}
 14922 | D        | Got the ring of the Last Queens {rCorr Str+2 Dex+3 SInv}
 14925 | D        | Noticed a golden dragon
 14929 | D        | Killed a golden dragon
 14930 | D        | Reached skill level 5 in Short Blades
 14932 | D        | Reached skill level 5 in Polearms
 14932 | D        | Reached skill level 5 in Ranged Weapons
 14954 | D        | Reached skill level 5 in Maces & Flails
 15078 | D        | Got the Orb of Zot
 15112 | D        | Identified the +2 robe "Xusas" {Str+3}
 15112 | D        | Noticed Boris
 15119 | D        | Killed Boris
 15120 | D        | Reached skill level 5 in Unarmed Combat
 15120 | D        | Reached skill level 5 in Fire Magic
 15120 | D        | Reached skill level 5 in Alchemy
 15261 | D        | Reached skill level 10 in Polearms
 15359 | D        | Reached skill level 10 in Ranged Weapons
 15383 | D        | Noticed Wibagod the pandemonium lord
 15388 | D        | Killed Wibagod the pandemonium lord
 15449 | D        | Noticed Weduci the pandemonium lord
 15463 | D        | Killed Weduci the pandemonium lord
 15498 | D        | Noticed Sikouck the pandemonium lord
 15501 | D        | Reached skill level 10 in Short Blades
 15507 | D        | Killed Sikouck the pandemonium lord
 15508 | D        | Reached skill level 10 in Maces & Flails
 15564 | D        | Reached skill level 15 in Polearms
 15565 | D        | Reached skill level 10 in Unarmed Combat
 15565 | D        | Reached skill level 10 in Alchemy
 15601 | D        | Reached skill level 10 in Fire Magic
 15826 | D        | Reached skill level 15 in Ranged Weapons
 15856 | D        | Noticed Unkesm the pandemonium lord
 15860 | D        | Killed Unkesm the pandemonium lord
 16013 | D        | Reached XP level 22. HP: 233/233 MP: 52/52
 16197 | D        | Reached skill level 15 in Maces & Flails
 16202 | D        | Noticed a seraph
 16205 | D        | Killed a seraph
 16206 | D        | Reached skill level 15 in Short Blades
 16547 | D        | Noticed Iqek the pandemonium lord
 16558 | D        | Killed Iqek the pandemonium lord
 16559 | D        | Reached skill level 15 in Unarmed Combat
 16595 | D        | Noticed Fesuw the pandemonium lord
 16606 | D        | Killed Fesuw the pandemonium lord
 16611 | D        | Noticed Plog the pandemonium lord
 16612 | D        | Killed Plog the pandemonium lord
 16616 | D        | Noticed Itaomm the pandemonium lord
 16629 | D        | Killed Itaomm the pandemonium lord
 16650 | D        | Noticed Ucaceqi the pandemonium lord
 16656 | D        | Killed Ucaceqi the pandemonium lord
 16872 | D        | Noticed Obbin the pandemonium lord
 16889 | D        | Killed Obbin the pandemonium lord
 16890 | D        | Reached skill level 15 in Alchemy
 17083 | D        | Noticed Syghuy the pandemonium lord
 17089 | D        | Killed Syghuy the pandemonium lord
 17090 | D        | Reached skill level 15 in Fire Magic
 17516 | D        | Reached XP level 23. HP: 117/240 MP: 53/53
 17711 | D        | Noticed Nairchiunn the pandemonium lord
 17714 | D        | Killed Nairchiunn the pandemonium lord
 17792 | D        | Noticed Ipro the pandemonium lord
 17801 | D        | Killed Ipro the pandemonium lord
 17958 | D        | Noticed a seraph
 17964 | D        | Killed a seraph
 18781 | D        | Noticed Niekaocomo the pandemonium lord
 18788 | D        | Killed Niekaocomo the pandemonium lord
 19037 | D        | Noticed a seraph
 19043 | D        | Killed a seraph
 19161 | D        | Reached skill level 27 in Polearms
 19382 | D        | Noticed Kaqecke the pandemonium lord
 19389 | D        | Killed Kaqecke the pandemonium lord
 19589 | D        | Reached skill level 27 in Maces & Flails
 19606 | D        | Lost mutation: Your system is resistant to poisons. (rPois)
                  | [potion of mutation]
 19606 | D        | Lost mutation: You sometimes lose your temper in combat.
                  | [potion of mutation]
 19606 | D        | Gained mutation: You have a pair of large horns on your
                  | head. [potion of mutation]
 19606 | D        | Gained mutation: Your mind is acute. (Int +4, Str/Dex -1)
                  | [potion of mutation]
 19607 | D        | Lost mutation: You have supernaturally acute eyesight.
                  | (SInv) [potion of mutation]
 19607 | D        | Lost mutation: Your mind is acute. (Int +4, Str/Dex -1)
                  | [potion of mutation]
 19607 | D        | Lost mutation: You have a pair of large horns on your head.
                  | [potion of mutation]
 19607 | D        | Gained mutation: You are vulnerable to cold. (rC-) [potion
                  | of mutation]
 19607 | D        | Gained mutation: Your body often deteriorates upon taking
                  | damage. [potion of mutation]
 19607 | D        | Gained mutation: You have a somewhat thin skeletal
                  | structure. (Dex +2, Stealth+) [potion of mutation]
 19607 | D        | Gained mutation: Your natural rate of healing is unusually
                  | fast. [potion of mutation]
 19719 | D        | Noticed Tiblav the pandemonium lord
 19727 | D        | Killed Tiblav the pandemonium lord
 19959 | D        | Noticed a seraph
 19962 | D        | Killed a seraph
 19983 | D        | Reached skill level 27 in Ranged Weapons
 20080 | D        | Reached XP level 24. HP: 99/249 MP: 53/53
 20275 | D        | Reached skill level 27 in Short Blades
 20383 | D        | Noticed Doapo the pandemonium lord
 20390 | D        | Killed Doapo the pandemonium lord
 20398 | D        | Reached skill level 27 in Unarmed Combat
 20466 | D        | Noticed Xojuec the pandemonium lord
 20472 | D        | Killed Xojuec the pandemonium lord
 20581 | D        | Noticed Bekist Sisu the pandemonium lord
 20586 | D        | Killed Bekist Sisu the pandemonium lord
 20618 | D        | Upgraded the game from 0.32-a0-314-g526f7d4993 to
                  | 0.32-a0-391-gce5c0aab1b
 20745 | D        | Gained mutation: You occasionally lose the ability to read
                  | scrolls when taking damage. [a cacodemon]
 20919 | D        | Noticed Odelev the pandemonium lord
 20928 | D        | Killed Odelev the pandemonium lord
 21819 | D        | Noticed a seraph
 21821 | D        | Identified the +2 robe of a Labyrinth {Str+3 Int+4}
 21821 | D        | Noticed Boris
 21823 | D        | Noticed a seraph
 21823 | D        | Killed a seraph
 21824 | D        | Killed Boris
 21825 | D        | Killed a seraph
 22058 | D        | Noticed Hecuerph the pandemonium lord
 22062 | D        | Reached skill level 27 in Alchemy
 22071 | D        | Killed Hecuerph the pandemonium lord
 22072 | D        | Reached skill level 27 in Fire Magic
 22072 | D        | Reached skill level 1 in Throwing
 22072 | D        | Reached skill level 1 in Conjurations
 22072 | D        | Reached skill level 1 in Summonings
 22072 | D        | Reached skill level 1 in Necromancy
 22072 | D        | Reached skill level 1 in Translocations
 22072 | D        | Reached skill level 1 in Ice Magic
 22072 | D        | Reached skill level 1 in Air Magic
 22072 | D        | Reached skill level 1 in Earth Magic
 22072 | D        | Reached skill level 1 in Shapeshifting
 22075 | D        | Reached skill level 1 in Hexes
 22095 | D        | Noticed Haleshaq the pandemonium lord
 22101 | D        | Killed Haleshaq the pandemonium lord
 22338 | D        | Reached skill level 5 in Staves
 22342 | D        | Gained mutation: You sometimes lose your temper in combat.
                  | [a neqoxec]
 22382 | D        | Reached skill level 5 in Throwing
 22384 | D        | Lost mutation: You have a somewhat thin skeletal structure.
                  | (Dex +2, Stealth+) [potion of mutation]
 22384 | D        | Lost mutation: Your natural rate of healing is unusually
                  | fast. [potion of mutation]
 22384 | D        | Lost mutation: Your body often deteriorates upon taking
                  | damage. [potion of mutation]
 22384 | D        | Gained mutation: Your system is resistant to poisons.
                  | (rPois) [potion of mutation]
 22384 | D        | Lost mutation: Your system is resistant to poisons. (rPois)
                  | [potion of mutation]
 22385 | D        | Lost mutation: You sometimes lose your temper in combat.
                  | [potion of mutation]
 22385 | D        | Lost mutation: You are vulnerable to cold. (rC-) [potion of
                  | mutation]
 22385 | D        | Gained mutation: Your muscles are strong. (Str +4, Int/Dex
                  | -1) [potion of mutation]
 22385 | D        | Gained mutation: You are strong-willed. (Will+) [potion of
                  | mutation]
 22564 | D        | Reached XP level 25. HP: 214/257 MP: 53/53
 22595 | D        | Noticed Gupas the pandemonium lord
 22595 | D        | Noticed an ancient lich
 22598 | D        | Reached skill level 5 in Earth Magic
 22598 | D        | Killed an ancient lich
 22600 | D        | Killed Gupas the pandemonium lord
 22631 | D        | Reached skill level 5 in Necromancy
 22631 | D        | Reached skill level 5 in Shapeshifting
 22669 | D        | Reached skill level 5 in Conjurations
 22669 | D        | Reached skill level 5 in Summonings
 22669 | D        | Reached skill level 5 in Translocations
 22669 | D        | Reached skill level 5 in Ice Magic
 22669 | D        | Reached skill level 5 in Air Magic
 22782 | D        | Reached skill level 5 in Hexes
 22846 | D        | Noticed Jeom the pandemonium lord
 22852 | D        | Killed Jeom the pandemonium lord
 22853 | D        | Reached skill level 10 in Staves
 23339 | D        | Reached skill level 10 in Throwing
 24015 | D        | Reached skill level 10 in Earth Magic
 24015 | D        | Noticed Naful the pandemonium lord
 24030 | D        | Killed Naful the pandemonium lord
 24043 | D        | Noticed Weamay the pandemonium lord
 24046 | D        | Reached skill level 15 in Staves
 24052 | D        | Killed Weamay the pandemonium lord
 24247 | D        | Reached skill level 10 in Conjurations
 24247 | D        | Reached skill level 10 in Necromancy
 24295 | D        | Reached skill level 10 in Summonings
 24295 | D        | Reached skill level 10 in Translocations
 24295 | D        | Reached skill level 10 in Ice Magic
 24295 | D        | Reached skill level 10 in Air Magic
 24295 | D        | Reached skill level 10 in Shapeshifting
 24633 | D        | HP: 8/257 [Orb Guardian (17)]
 24854 | D        | Noticed Taujitu the pandemonium lord
 24855 | D        | Reached skill level 10 in Hexes
 24860 | D        | Killed Taujitu the pandemonium lord
 25061 | D        | Reached XP level 26. HP: 240/266 MP: 53/53
 25132 | D        | Learned a level 6 spell: Plasma Beam
 25174 | D        | Reached skill level 15 in Throwing
 25190 | D        | Learned a level 7 spell: Haunt
 25339 | D        | Noticed Nuthuv the pandemonium lord
 25344 | D        | Killed Nuthuv the pandemonium lord
 25557 | D        | Noticed Urphoh the pandemonium lord
 25567 | D        | Killed Urphoh the pandemonium lord
 25767 | D        | Noticed Mamuzuo the pandemonium lord
 25775 | D        | Killed Mamuzuo the pandemonium lord
 25896 | D        | Noticed Ahirih the pandemonium lord
 25901 | D        | Killed Ahirih the pandemonium lord
 25921 | D        | Noticed Tehuaxka the pandemonium lord
 25923 | D        | Gained mutation: You are frail. (-10% HP) [a neqoxec]
 25927 | D        | Killed Tehuaxka the pandemonium lord
 25936 | D        | Noticed Zevuol the pandemonium lord
 25945 | D        | Killed Zevuol the pandemonium lord
 26127 | D        | Escaped with the Orb!

Illustrated notes

Levels and vault maps discovered:
D:        pitsprint [storerooms_1, entrance_room_1, metal_vault_1, armoury_3,
          mini_pit_1, grid_room_1, main_hall_1, silver_pit, the_coven_2,
          the_vestibule_1, steel_vault_5, golden_pit, hallway_of_sentries,
          crystal_vault_6, iron_vault_4, final_vault]

Skill      XL: |  1  2  3  4  5  6  7  8  9 10 11 12 13 14 15 16 17 18 19 20 21 22 23 24 25 26 |
---------------+-------------------------------------------------------------------------------+-----
Fighting       | 4 7 8 9 10 11 13 15 16 19 21 23 26 27 | 27.0
Short Blades   | 4 14 21 26 27 | 27.0
Dodging        | 4 6 7 8 9 11 12 13 15 17 19 21 24 26 27 | 27.0
Axes           | 5 6 8 9 11 12 14 16 18 20 22 25 27 | 27.0
Invocations    | 6 7 9 10 12 14 16 19 21 24 26 27 | 27.0
Armour         | 14 22 25 27 | 27.0
Long Blades    | 11 20 27 | 27.0
Shields        | 13 27 | 27.0
Stealth        | 11 22 27 | 27.0
Evocations     | 10 22 27 | 27.0
Spellcasting   | 1 23 27 | 27.0
Maces & Flails | 14 22 27 | 27.0
Polearms       | 18 24 27 | 27.0
Ranged Weapons | 16 22 27 | 27.0
Unarmed Combat | 13 20 25 27 | 27.0
Fire Magic     | 11 16 19 27 | 27.0
Alchemy        | 12 16 20 27 | 27.0
Staves         | 7 18 21 | 21.0
Throwing       | 5 14 17 | 17.2
Conjurations   | 4 11 13 | 13.5
Summonings     | 4 11 13 | 13.5
Necromancy     | 4 11 13 | 13.5
Translocations | 4 11 13 | 13.5
Ice Magic      | 4 11 13 | 13.4
Air Magic      | 4 11 13 | 13.4
Earth Magic    | 4 12 14 | 14.6
Shapeshifting  | 4 11 13 | 13.5
Hexes          | 4 10 12 | 12.4

Action                     |  1- 3 |  4- 6 |  7- 9 | 10-12 | 13-15 | 16-18 | 19-21 | 22-24 | 25-27 || total
---------------------------+-------+-------+-------+-------+-------+-------+-------+-------+-------++-------
  Melee: Hand axe          |    16 |    16 |    11 |       |       |       |       |       |       ||    43
         Headbutt          |     2 |     5 |    13 |    22 |    25 |    36 |   123 |   268 |   107 ||   601
         Short sword       |     1 |       |       |       |       |       |       |       |       ||     1
         War axe           |       |       |    23 |       |       |       |       |       |       ||    23
         Broad axe         |       |       |     7 |    58 |    78 |   104 |   353 |   652 |   295 ||  1547
         Double sword      |       |       |       |       |       |       |       |     5 |       ||     5
   Cast: Plasma Beam       |       |       |       |       |       |       |       |       |     5 ||     5
         Haunt             |       |       |       |       |       |       |       |       |     1 ||     1
 Invoke: Upheaval          |       |     1 |     1 |     3 |     1 |     4 |       |     7 |     6 ||    23
         Disaster Area     |       |       |     3 |    12 |    19 |    21 |    14 |    18 |    27 ||   114
         Elemental Force   |       |       |       |       |       |     3 |       |     1 |       ||     4
  Evoke: Sack of spiders   |       |       |       |       |       |       |       |     2 |       ||     2
         Phantom mirror    |       |       |       |       |       |       |       |       |     2 ||     2
    Use: Potion            |       |       |     5 |     8 |     6 |     4 |     1 |    14 |     1 ||    39
         Scroll            |       |       |       |     4 |     2 |    10 |     2 |     1 |     2 ||    21
   Stab: Distracted        |       |       |       |       |       |     2 |       |     2 |       ||     4
         Paralysed         |       |       |       |       |       |     1 |       |       |       ||     1
         Sleeping          |       |       |       |       |       |       |     1 |       |       ||     1
 Armour: Robe              |       |     6 |       |       |       |       |       |       |       ||     6
         Chain mail        |       |    12 |    31 |       |       |       |       |       |       ||    43
         Plate armour      |       |       |     7 |   134 |    87 |       |       |       |       ||   228
         Shadow dragon sca |       |       |       |       |     3 |     1 |       |       |       ||     4
         Gold dragon scale |       |       |       |       |       |   173 |   324 |   353 |   182 ||  1032
  Dodge: Dodged            |     1 |    13 |    25 |    68 |    87 |   100 |   488 |   745 |   340 ||  1867
         Repelled          |       |       |       |     2 |     5 |       |    13 |    10 |     7 ||    37
Riposte: Broad axe         |       |       |       |       |       |       |    29 |   128 |    74 ||   231

Table legend: (Time is in decaauts) A = Elapsed time spent in this place. B = Non-inter-level travel time spent in this place. C = Inter-level travel time spent in this place. D = Time resting spent in this place. E = Time spent auto-exploring this place. F = Levels seen in this place. G = Mean time per level. A B C D E F G +--------+--------+--------+--------+--------+-----+--------+ Total | 26437 | 26264 | 173 | 18581 | 37 | 1 | 26437.0 | Dungeon | 26437 | 26264 | 173 | 18581 | 37 | 1 | 26437.0 | +--------+--------+--------+--------+--------+-----+--------+

Top non-repeatable levels by time:
       D: 26437 daAuts
